 Dungeon Crawl Stone Soup version 0.32-a0-666-ge8a88695a4 (webtiles) character file.

Game seed: 15142186219369099129

2443 hikkokomori the Trooper (level 9, -10/73 HPs)
             Began as a Coglin Berserker on Mar 9, 2024.
             Was an Elder of Trog.
             Mangled by Erica
             ... wielding a +1 scimitar of flaming
              (11 damage)
             ... on level 9 of the Dungeon.
             The game lasted 00:13:15 (5338 turns).

hikkokomori the Trooper (Coglin Berserker)          Turns: 5338, Time: 00:13:15

Health: -10/73     AC: 10    Str: 21    XL:     9   Next: 49%
Magic:  9/9        EV: -1    Int:  6    God:    Trog [****..]
Gold:   282        SH:  0    Dex: 15    Spells: 8/8 levels left

rFire   . . .        G - +0 morningstar (protect) {Nittaya}
rCold   . . .        i - +0 mace (protect) {Fatehjeet}
rNeg    . . .        k - +0 chain mail
rPois   .            (no helmet)
rElec   .            q - +0 cloak
rCorr   .            (no gloves)
SInv    .            H - +0 pair of boots
Will    .....        (amulet unavailable) Stlth
                     (ring unavailable)
HPRegen 0.32/turn    (ring unavailable)
MPRegen 0.11/turn    (no gizmo)

%: no passive effects
@: slowed, constricted, invisible, very slow
A: off-hand wielding, slow wielding, warmup strikes, no jewellery
a: Invent Gizmo, Renounce Religion, Berserk, Trog's Hand, Brothers in Arms


You were on level 9 of the Dungeon.
You worshipped Trog.
Trog was greatly pleased with you.
You visited 1 branch of the dungeon, and saw 7 of its levels.
You also visited: Sewer.

You collected 282 gold pieces.

Inventory:

Hand Weapons
 a - a +0 hand axe {Octavius}
 c - a +0 dagger {Bianca}
 i - a +0 mace of protection (offhand) {Fatehjeet}
 B - a +2 dagger of venom {Ulrich}
 C - a +2 dagger of draining
 G - a +0 morningstar of protection (weapon) {Nittaya}
 K - a +3 hand axe
 M - a +0 broad axe of chaos
Missiles
 e - 6 javelins (quivered)
 w - 6 boomerangs
 D - 2 curare-tipped darts
Armour
 b - a +0 animal skin
 g - a +0 ring mail
 j - a scarf of shadows
 k - a +0 chain mail (worn)
 q - a +0 cloak (worn)
 x - a +0 plate armour
 H - a +0 pair of boots (worn)
Wands
 E - a wand of mindburst (16)
 F - a wand of iceblast (9)
Scrolls
 h - a scroll of brand weapon
 m - 3 scrolls of immolation
 o - a scroll of blinking {unknown}
 p - 2 scrolls of noise {unknown}
 r - a scroll of torment {unknown}
 s - 3 scrolls of teleportation
 t - 2 scrolls of fog {unknown}
 v - a scroll of enchant weapon {unknown}
 y - a scroll of butterflies {unknown}
 I - 2 scrolls of fear {unknown}
Potions
 d - 3 potions of degeneration
 f - 3 potions of magic
 n - 3 potions of ambrosia
 u - 3 potions of haste
 z - 2 potions of cancellation {unknown}
 A - 2 potions of might {unknown}
 J - 2 potions of lignification {unknown}
 L - a potion of heal wounds {unknown}
 N - a potion of enlightenment {unknown}
 O - a potion of curing {unknown}


   Skills:
 + Level 7.7 Fighting
 + Level 6.1 Short Blades
 - Level 3.2(5.3) Axes
 + Level 6.0(6.4) Maces & Flails
 - Level 1.7 Armour
 - Level 1.7 Dodging
 + Level 4.0 Evocations


You had 8 spell levels left.
You didn't know any spells.
Your spell library was empty.

Dungeon Overview and Level Annotations

Branches:
Dungeon (6/15)              Sewer (visited)
 Temple: D:4-7

Altars:
Fedhas
Gozag
Qazlal
Xom

Annotations:
D:9 Erica


Innate Abilities, Weirdness & Mutations

You can wield a second weapon in your off-hand.
It takes a long time for you to wield or remove held weapons.
Your first few attacks do less damage.
You cannot equip rings or amulets.


Message History

The centaur shoots an arrow.
The arrow hits you.
The centaur shoots an arrow.
The arrow hits you!
Something tries to affect you, but you resist.
The centaur unwields a +0 shortbow.
The centaur barely misses you. The centaur kicks you.
A howler monkey comes into view.
The centaur barely misses you.
The centaur kicks you but does no damage.
The centaur hits you. The centaur barely misses you.
The howler monkey moves out of view.
The centaur attacks as it pursues you! The centaur closely misses you.
The centaur barely misses you. The centaur hits you.
The centaur barely misses you. Something hits you. Something burns you.
Something grabs you.
You are constricted.
Erica's grasp on you weakens, but your attempt to escape fails.
The centaur hits you but does no damage.
The centaur kicks you. Something hits you!
* * * LOW HITPOINT WARNING * * *
Something burns you.
* * * LOW HITPOINT WARNING * * *
You are constricted.
* * * LOW HITPOINT WARNING * * *
The centaur hits you but does no damage.
The centaur kicks you.
* * * LOW HITPOINT WARNING * * *
Okay, then.
You fade into invisibility!
The centaur hits you but does no damage.
The centaur kicks you but does no damage.
Something hits you!
* * * LOW HITPOINT WARNING * * *
Something burns you.
* * * LOW HITPOINT WARNING * * *
You are constricted.
* * * LOW HITPOINT WARNING * * *
A howler monkey comes into view.
The centaur hits you but does no damage.
The centaur kicks you but does no damage.
Something hits you!
You die...

#......#≈≈≈# ......
###....##'## .....
#.........##..#
#...##.......### ..
##...........#.# <..
#...#.........##...
#..##.......#....##.
#...........#.......
#.........@##.......
##..##....c......#
#.. #...........##
........#......#
....#..###.......
###.... ..#....
#.... .## ..# .h....
.. .. ....... ..


You could see a centaur (unable to see you) and a howler monkey (wandering,
unable to see you).

Vanquished Creatures
  A two-headed ogre (D:9)
  Psyche (D:9)
  A hornet (D:9)
  Menkaure (D:6)
  A sky beast (D:6)
  An ice beast (D:5)
  An ogre (D:4)
  4 kobold brigands
  Blork the orc (D:6)
  3 scorpions (D:5)
  A bombardier beetle (D:5)
  An orc priest (D:4)
  2 jellies
  2 iguanas
  An orc wizard (D:4)
  3 gnolls (D:4)
  12 adders
  10 river rats (Sewer)
  An ufetubus (D:5)
  2 ribbon worms
  2 dart slugs
  7 orcs
  5 ball pythons
  10 endoplasms
  3 giant cockroaches
  6 goblins
  6 hobgoblins
  2 jackals (D:3)
  25 kobolds
  9 quokkas
  7 bats
  5 frilled lizards
  19 rats
156 creatures vanquished.

Notes
Turn   | Place    | Note
-------+----------+-------------------------------------------
     0 | D:1      | hikkokomori the Coglin Berserker began the quest for the
                  | Orb.
     0 | D:1      | Reached XP level 1. HP: 18/18 MP: 1/1
   200 | D:1      | Reached XP level 2. HP: 24/24 MP: 2/2
   468 | D:1      | Reached skill level 1 in Short Blades
   752 | D:2      | Reached XP level 3. HP: 13/29 MP: 3/3
   936 | D:2      | Reached ** piety under Trog
  1122 | D:2      | Reached skill level 1 in Maces & Flails
  1164 | D:2      | Reached XP level 4. HP: 37/37 MP: 4/4
  1385 | D:2      | Found a faded altar of an unknown god.
  2143 | D:3      | Found a shimmering altar of Xom.
  2277 | D:3      | Found a blossoming altar of Fedhas.
  2278 | D:3      | Found a stormy altar of Qazlal.
  2414 | D:3      | Found an opulent altar of Gozag.
  2561 | D:4      | Reached skill level 4 in Fighting
  2582 | D:4      | Reached XP level 5. HP: 42/42 MP: 5/5
  2662 | D:4      | Found a glowing drain.
  2666 | Sewer    | Entered a sewer
  2701 | Sewer    | Noticed a kobold brigand
  2732 | Sewer    | Killed a kobold brigand
  2861 | Sewer    | Reached XP level 6. HP: 43/49 MP: 6/6
  2994 | Sewer    | Reached *** piety under Trog
  3180 | Sewer    | Reached skill level 5 in Fighting
  3390 | Sewer    | Reached XP level 7. HP: 53/56 MP: 7/7
  4172 | D:5      | Entered Level 5 of the Dungeon
  4234 | D:5      | Reached XP level 8. HP: 53/64 MP: 8/8
  4285 | D:5      | Reached skill level 6 in Fighting
  4322 | D:5      | Reached **** piety under Trog
  4798 | D:6      | Noticed Menkaure
  4805 | D:6      | Killed Menkaure
  4854 | D:6      | Reached skill level 5 in Short Blades
  5130 | D:6      | Noticed Blork the orc
  5138 | D:6      | Killed Blork the orc
  5139 | D:6      | Reached skill level 5 in Maces & Flails
  5155 | D:6      | You fall into a shaft and drop 3 floors!
  5240 | D:9      | Noticed a two-headed ogre
  5242 | D:9      | Noticed Psyche
  5249 | D:9      | Killed a two-headed ogre
  5250 | D:9      | Reached skill level 7 in Fighting
  5250 | D:9      | Reached XP level 9. HP: 72/72 MP: 9/9
  5253 | D:9      | Killed Psyche
  5289 | D:9      | Noticed a hornet
  5293 | D:9      | Killed a hornet
  5328 | D:9      | Noticed Erica
  5338 | D:9      | HP: 3/73 [something (1)]
  5338 | D:9      | HP: 1/73 [something (2)]
  5338 | D:9      | Mangled by Erica

Illustrated notes

Levels and vault maps discovered:
D:1:      moated_graveyard_arrival, layout_basic
D:2:      layout_basic, shapermc_ecumenical_altar_pompeii,
          minmay_fractal_squares_5
D:3:      layout_loops_ring, grunt_temple_overflow_forces_of_nature,
          mainiacjoe_overflow_catch_the_wave, roderic_lattice_a,
          hangedman_decor_slide_cut
D:4:      layout_cave_pools, gup_sewer_entry_spiral
D:5:      kennysheep_spiral_hall, layout_rooms, kennysheep_nub,
          kennysheep_generic_room_13
D:6:      layout_cave_pools, cheibrodos_worm_habitat, uniq_menkaure,
          uniq_blork_the_orc
D:9:      layout_cave_pools, erik_lair_island, minmay_liquid_box, uniq_erica,
          uniq_maggie, uniq_psyche

Skill      XL: |  1  2  3  4  5  6  7  8  9 |
---------------+----------------------------+-----
Short Blades   | 1 2 3 4 5 6 |  6.1
Maces & Flails | 1 2 3 4 5 6 |  6.0
Fighting       | 4 5 7 |  7.7
Evocations     | 3 4 |  4.0
Axes           | |  3.2
Armour         | |  1.7
Dodging        | |  1.7

Action                     |  1- 3 |  4- 6 |  7- 9 || total
---------------------------+-------+-------+-------++-------
  Melee: Hand axe          |    19 |       |       ||    19
         Dagger            |    51 |   194 |   117 ||   362
         Mace              |    47 |   202 |   121 ||   370
         Morningstar       |       |       |     8 ||     8
 Invoke: Berserk           |       |     3 |     3 ||     6
         Trog's Hand       |       |       |     1 ||     1
  Evoke: Wand              |       |       |     6 ||     6
    Use: Scroll            |       |     4 |     6 ||    10
         Potion            |       |     1 |     1 ||     2
 Armour: Animal skin       |    10 |       |       ||    10
         Ring mail         |    28 |    19 |       ||    47
         Chain mail        |     1 |   163 |   155 ||   319
  Dodge: Dodged            |    29 |   108 |    61 ||   198

Table legend: (Time is in decaauts)
 A = Elapsed time spent in this place.
 B = Non-inter-level travel time spent in this place.
 C = Inter-level travel time spent in this place.
 D = Time resting spent in this place.
 E = Time spent auto-exploring this place.
 F = Levels seen in this place.
 G = Mean time per level.
                   A        B        C        D        E       F      G
               +--------+--------+--------+--------+--------+-----+--------+
         Total |   5473 |   5358 |    115 |     30 |   3976 |   8 |  684.1 |
       Dungeon |   4544 |   4429 |    115 |     30 |   3397 |   7 |  649.1 |
         Sewer |    929 |    929 |      0 |      0 |    579 |   1 |  929.0 |
               +--------+--------+--------+--------+--------+-----+--------+

Top non-repeatable levels by time:
     D:2: 1018 daAuts
   Sewer: 929 daAuts
     D:3: 851 daAuts
     D:4: 774 daAuts
     D:1: 697 daAuts
     D:5: 639 daAuts
     D:6: 355 daAuts
     D:9: 207 daAuts
